Map: Eternal Empire LE

Players

Bunny

  • Race: Terran Terran
  • Spawn Location: 7:00

Impact - Winner!

  • Race: Zerg Zerg
  • League: Grandmaster
  • Spawn Location: 1:00

VOD

Have the link to the VOD?

Description

Time

  • Played on: Jan. 16, 2020, 5:23 a.m.
  • Length: 15:25
Show
View Real Time Build Order
Export as new Build Order

Bunny Terran 

Build Orders: Liberator Opening, Reaper Expand 

Get SALT Encoding   

  12  0:00  SCV  
  13  0:13  SCV  
  14  0:17  Supply Depot  
  14  0:25  SCV  
  15  0:38  SCV  
  15  0:40  Barracks  
  16  0:43  Refinery  
  16  0:50  SCV  
  17  1:02  SCV  
  18  1:14  SCV  
  19  1:27  Reaper, Orbital Command  
  20  1:40  Command Center  
  20  1:52  SCV, Supply Depot  
  21  1:58  Marine  
  22  2:04  SCV  
  22  2:07  Factory  
  23  2:16  SCV  
  23  2:17  Refinery  
  23  2:20  Barracks Reactor  
  24  2:28  SCV  
  25  2:40  SCV  
  26  2:52  Starport, Orbital Command  
  26  2:53  SCV  
  27  3:03  Hellion  
  27  3:04  Hellion  
  31  3:06  SCV  
  31  3:18  SCV  
  31  3:19  SCV  
  33  3:25  Hellion  
  33  3:26  Hellion  
  37  3:29  Viking  
  37  3:31  SCV  
  37  3:34  SCV, Supply Depot  
  41  3:44  SCV  
  41  3:46  SCV, Fusion Core  
  41  3:47  Liberator  
  43  3:51  Hellion  
  47  3:56  Hellion  
  47  3:57  Supply Depot  
  47  3:58  SCV x2  
  49  4:05  Barracks Tech Lab  
  52  4:10  SCV x2  
  54  4:23  Command Center  
  54  4:24  SCV x2  
  54  4:29  Stimpack  
  56  4:31  Supply Depot  
  56  4:32  Marine  
  56  4:36  SCV x2  
  59  4:41  Barracks  
  59  4:45  Barracks  
  59  4:51  SCV x2  
  61  4:52  Marine  
  61  4:53  Factory Reactor  
  61  4:54  Starport Reactor  
  62  5:01  Refinery  
  62  5:02  Refinery  
  62  5:03  SCV  
  62  5:04  SCV  
  64  5:07  Engineering Bay x2  
  64  5:10  Marine  
  65  5:16  SCV x2  
  67  5:28  SCV x2  
  69  5:29  Marine  
  69  5:33  Supply Depot  
  69  5:34  Marine x2  
  72  5:36  Orbital Command  
  72  5:40  Factory Tech Lab  
  70  5:45  Medivac x2  
  70  5:47  Marine x3  
  70  5:48  Terran Infantry Weapons Level 1  
  70  5:49  Terran Infantry Armor Level 1  
  74  5:50  SCV  
  74  5:51  SCV  
  74  5:52  Marine, Marauder  
  79  5:57  Supply Depot  
  79  5:58  Siege Tank  
  82  6:04  Marine x3, Supply Depot  
  85  6:12  Marine  
  85  6:15  Medivac  
  85  6:16  Medivac  
  85  6:17  Marine  
  84  6:18  Combat Shield  
  84  6:22  Marine x2  
  84  6:23  SCV x2  
  84  6:24  Orbital Command  
  84  6:30  Siege Tank  
  87  6:34  Marine  
  87  6:35  Marine  
  87  6:38  SCV x2  
  91  6:43  Supply Depot x2  
  91  6:45  Supply Depot  
  91  6:50  SCV x2  
  88  6:55  Marine x4  
  88  6:56  Barracks  
  88  6:57  Barracks  
  88  6:58  SCV  
  93  7:02  SCV  
  93  7:04  SCV, Medivac  
  93  7:10  SCV  
  93  7:14  SCV  
  94  7:16  SCV, Siege Tank  
  94  7:20  Medivac  
  94  7:22  SCV  
  100  7:26  Armory  
  100  7:27  SCV  
  100  7:28  Marine x5, SCV  
  100  7:29  Supply Depot  
  107  7:34  SCV  
  108  7:39  SCV, Concussive Shells  
  108  7:40  SCV  
  108  7:41  Supply Depot x2  
  108  7:44  Barracks Reactor x2  
  110  7:47  Marine x3  
  110  7:48  Marine x2  
  110  7:51  Siege Tank  
  118  7:55  Supply Depot, Refinery  
  118  7:56  Supply Depot, Refinery  
  118  8:01  SCV x3  
  118  8:05  Marine  
  120  8:12  Supply Depot  
  121  8:13  SCV x3, Missile Turret  
  121  8:15  Marine x4  
  128  8:23  Marine, Widow Mine  
  128  8:25  SCV x3, Marine  
  128  8:26  Marine x3  
  138  8:28  Missile Turret  
  138  8:33  Marine x4  
  137  8:37  Medivac x2  
  137  8:39  SCV x3  
  137  8:41  Marine  
  139  8:43  Marine x3  
  139  8:44  Marine, Terran Infantry Weapons Level 2  
  138  8:51  Marine  
  138  8:53  Terran Infantry Armor Level 2  
  136  8:56  Supply Depot, Widow Mine  
  136  8:57  Drilling Claws  
  136  8:58  Supply Depot  
  136  9:02  Missile Turret  
  138  9:04  Marine  
  138  9:05  Marine  
  138  9:06  Marine  
  138  9:07  Medivac x2  
  138  9:09  Supply Depot  
  145  9:10  Marine  
  145  9:12  Marine x2  
  145  9:15  Marine x2  
  150  9:19  Supply Depot  
  150  9:21  Supply Depot, Widow Mine  
  152  9:24  Factory  
  152  9:32  Marine x3  
  152  9:33  Marine x3  
  160  9:40  Marine  
  160  9:41  Marine  
  161  9:47  Medivac  
  161  9:50  Marine x3  
  163  9:54  Command Center  
  163  9:57  Thor  
  166  10:02  SCV x3  
  166  10:04  Medivac  
  166  10:06  Marine  
  172  10:07  Marine x3  
  150  10:16  Factory Reactor  
  150  10:17  Medivac  
  150  10:20  Marauder  
  139  10:22  Marine x4  
  139  10:24  Marine  
  139  10:25  Marine x2  
  122  10:38  Barracks  
  122  10:39  Barracks  
  122  10:40  Thor  
  128  10:45  Marine x8  
  133  10:55  Widow Mine  
  133  10:56  Widow Mine  
  129  10:58  Marauder  
  131  11:07  Medivac x2  
  135  11:13  Marine  
  135  11:14  Marine x5  
  135  11:19  Widow Mine  
  135  11:20  Widow Mine  
  139  11:26  SCV x3  
  139  11:29  Marine, Marauder  
  145  11:33  Thor  
  145  11:36  Barracks Tech Lab x2  
  151  11:40  Planetary Fortress  
  151  11:43  Widow Mine x2  
  151  11:45  Marine x7  
  154  11:47  Marine  
  154  11:49  Marine  
  154  11:59  Medivac x2  
  158  12:02  Marine  
  158  12:03  Marine x5  
  158  12:06  Marauder x2  
  168  12:09  Widow Mine x2  
  168  12:11  Marine x3  
  171  12:19  Terran Infantry Weapons Level 3  
  171  12:20  Marine  
  169  12:24  Missile Turret x2  
  169  12:25  Missile Turret  
  169  12:29  Medivac x2  
  173  12:31  Terran Infantry Armor Level 3  
  173  12:34  Widow Mine  
  175  12:39  Sensor Tower  
  175  12:41  Widow Mine x2  
  179  12:44  Marine x3  
  182  12:55  Widow Mine  
  182  12:56  Marine x4  
  182  12:57  Marine x4  
  175  13:06  Marine  
  175  13:07  Marine x2  
  175  13:11  Widow Mine  
  175  13:12  Widow Mine  
  156  13:13  Medivac  
  156  13:14  Marine x6  
  156  13:17  Widow Mine  
  150  13:20  Marine  
  150  13:21  Marine  
  150  13:24  Marine x3  
  153  13:32  Marine  
  153  13:33  Marine x2, Marauder x2  
  150  13:38  Widow Mine x3  
  150  13:39  Marine x3  
  159  13:45  Marine x3  
  162  13:50  Marine  
  158  13:56  Orbital Command  
  158  13:59  Widow Mine  
  158  14:00  Widow Mine  
  149  14:07  Widow Mine  
  150  14:12  Marine  
  150  14:13  Marine  
  151  14:21  Widow Mine x2  
  145  14:26  Marine x4  
  145  14:27  Marine x3  
  124  14:32  Marine x3  
  123  14:38  Marine  
  123  14:44  Marine x3  
  125  15:04  Marine x4  
  125  15:05  Marine x2  
  125  15:07  Marine x5  
Show
View Real Time Build Order
Export as new Build Order

Impact Zerg - Winner!

Build Orders: Pool First, Muta Ling Bane 

Get SALT Encoding   

  12  0:00  Drone  
  13  0:12  Overlord  
  13  0:17  Drone  
  14  0:32  Drone x2  
  16  0:36  Drone  
  17  0:46  Extractor  
  17  0:47  Spawning Pool  
  16  0:50  Drone  
  16  0:56  Drone  
  17  1:07  Drone  
  18  1:20  Hatchery  
  18  1:23  Drone  
  18  1:34  Queen  
  18  1:37  Drone  
  21  1:45  Metabolic Boost  
  21  1:51  Overlord  
  21  1:55  Zergling x2  
  22  2:09  Queen  
  22  2:10  Drone  
  25  2:16  Drone  
  26  2:29  Drone  
  27  2:32  Queen  
  27  2:34  Drone  
  30  2:41  Drone x3  
  30  2:43  Drone  
  34  2:48  Overlord  
  34  3:01  Hatchery  
  34  3:04  Pneumatized Carapace  
  33  3:07  Drone  
  33  3:12  Drone  
  35  3:15  Drone  
  35  3:17  Drone  
  35  3:19  Drone  
  38  3:21  Drone x2  
  38  3:22  Drone  
  41  3:28  Queen  
  41  3:31  Overlord  
  43  3:35  Drone  
  44  3:42  Overlord  
  44  3:50  Drone  
  44  3:51  Drone x6  
  44  3:54  Lair  
  51  3:58  Extractor, Drone  
  51  4:03  Roach Warren  
  51  4:06  Zergling x4  
  51  4:09  Zergling x2  
  53  4:13  Queen  
  53  4:14  Zergling x2  
  56  4:17  Drone  
  56  4:18  Overlord  
  56  4:22  Drone  
  58  4:26  Overlord x2  
  58  4:33  Spore Crawler  
  58  4:35  Drone, Overlord  
  58  4:38  Drone x3  
  61  4:43  Drone x2  
  61  4:44  Drone  
  61  4:45  Drone  
  65  4:46  Drone  
  65  4:47  Overlord  
  65  4:52  Queen  
  66  4:56  Roach  
  66  4:57  Roach  
  72  5:00  Roach  
  72  5:03  Overseer, Roach  
  72  5:05  Spore Crawler  
  75  5:08  Roach x2  
  75  5:10  Roach  
  75  5:12  Roach  
  83  5:16  Overlord  
  83  5:17  Overseer  
  83  5:21  Drone  
  83  5:22  Drone x4  
  83  5:23  Extractor  
  86  5:31  Drone  
  86  5:33  Drone x4  
  86  5:34  Drone  
  84  5:44  Drone  
  84  5:45  Drone x2  
  84  5:46  Drone x3  
  87  5:51  Drone  
  87  5:53  Extractor  
  87  5:54  Glial Reconstitution, Drone  
  88  5:58  Drone  
  88  5:59  Drone x2  
  88  6:02  Drone  
  88  6:04  Drone x3  
  94  6:07  Drone  
  92  6:12  Drone  
  92  6:13  Drone  
  91  6:20  Spire, Drone  
  91  6:21  Drone  
  91  6:23  Drone  
  91  6:24  Drone  
  93  6:26  Overlord  
  93  6:32  Roach x2  
  89  6:36  Roach x2  
  87  6:40  Extractor, Roach  
  87  6:41  Extractor  
  87  6:43  Drone x2  
  87  6:45  Roach x2  
  91  6:49  Roach  
  91  6:52  Roach x2  
  91  6:53  Overlord  
  96  6:55  Ravager  
  96  6:57  Roach x2  
  101  7:04  Overlord x2  
  101  7:05  Drone  
  101  7:07  Drone x2  
  102  7:10  Drone, Evolution Chamber  
  102  7:11  Evolution Chamber  
  102  7:15  Drone  
  101  7:17  Drone  
  101  7:19  Drone  
  101  7:21  Drone x2  
  105  7:33  Mutalisk x5  
  105  7:36  Mutalisk  
  117  7:42  Overlord  
  117  7:45  Zergling x4  
  117  7:49  Hatchery  
  117  7:50  Drone  
  119  7:53  Zerg Melee Weapons Level 1  
  119  7:55  Baneling Nest  
  118  8:00  Zergling x2, Zerg Ground Armor Level 1  
  118  8:01  Zergling x6  
  118  8:04  Zergling x2  
  123  8:08  Zergling x8  
  123  8:12  Drone, Zerg Flyer Weapons Level 1  
  128  8:16  Drone  
  128  8:18  Drone x3  
  133  8:20  Hatchery, Drone  
  133  8:23  Overlord x2  
  133  8:25  Unknown  
  131  8:29  Drone  
  131  8:30  Drone  
  131  8:31  Drone  
  128  8:35  Drone x4  
  128  8:38  Overlord  
  132  8:45  Overlord x2  
  132  8:48  Mutalisk x3  
  128  8:51  Baneling x2  
  128  8:52  Drone x3  
  128  8:53  Mutalisk x2  
  128  8:54  Unknown  
  136  8:56  Mutalisk  
  136  9:01  Mutalisk x2  
  142  9:05  Mutalisk x2  
  146  9:11  Zergling x2  
  146  9:12  Zergling x6  
  146  9:14  Centrifical Hooks  
  146  9:16  Zergling x6  
  152  9:18  Zergling x2  
  152  9:22  Baneling x6  
  153  9:24  Overlord  
  153  9:25  Overlord  
  153  9:29  Zergling x6  
  156  9:33  Baneling x6  
  156  9:34  Baneling  
  156  9:42  Mutalisk x2  
  156  9:43  Hatchery  
  156  9:45  Zergling x6  
  155  9:46  Zergling x4  
  155  9:49  Mutalisk  
  161  9:54  Baneling  
  161  9:56  Overlord  
  161  9:59  Zergling x12  
  167  10:03  Zergling x6  
  167  10:05  Mutalisk x2  
  154  10:19  Mutalisk x3  
  146  10:24  Overlord  
  146  10:27  Mutalisk  
  146  10:32  Zergling x12  
  150  10:37  Zergling x8  
  150  10:38  Hatchery  
  152  10:45  Zerg Ground Armor Level 2  
  144  10:54  Zerg Melee Weapons Level 2  
  144  10:55  Zergling x16  
  142  11:01  Overseer, Baneling x3  
  142  11:03  Zergling x6  
  141  11:08  Zergling x10  
  141  11:09  Baneling x6  
  141  11:11  Zergling x2  
  147  11:15  Zergling x2  
  145  11:18  Zergling x6  
  145  11:20  Mutalisk x2  
  145  11:24  Baneling x2  
  151  11:26  Extractor, Drone  
  151  11:27  Spore Crawler, Drone x2  
  151  11:28  Extractor  
  151  11:31  Drone x4  
  155  11:33  Zerg Flyer Weapons Level 2  
  155  11:34  Zergling x2  
  156  11:41  Baneling x6  
  156  11:45  Mutalisk  
  153  11:52  Mutalisk  
  153  11:54  Zergling x14  
  155  11:55  Zergling x8  
  155  11:59  Zergling x2  
  155  12:01  Infestation Pit, Baneling  
  163  12:02  Drone  
  163  12:03  Drone  
  163  12:06  Baneling x2, Unknown  
  163  12:07  Baneling x2  
  163  12:08  Zergling x6  
  164  12:14  Zergling x8  
  165  12:20  Mutalisk x2  
  167  12:23  Zergling x16  
  167  12:28  Zergling x6  
  178  12:30  Baneling  
  178  12:31  Baneling x5  
  178  12:34  Zergling x4, Baneling  
  178  12:35  Baneling x4  
  179  12:39  Baneling x3  
  179  12:40  Zergling x8  
  179  12:42  Zergling x2  
  184  12:47  Baneling  
  184  12:48  Baneling x7  
  184  12:49  Zergling x8  
  185  12:54  Zergling x2  
  182  13:02  Zergling x18  
  182  13:03  Baneling  
  182  13:04  Baneling x9  
  180  13:07  Zergling x2  
  180  13:10  Zergling x8  
  165  13:15  Mutalisk x3  
  165  13:17  Zergling x2  
  165  13:18  Zergling x14  
  159  13:22  Zergling x2  
  159  13:23  Mutalisk x2  
  159  13:26  Zergling x4  
  161  13:32  Zergling x2  
  161  13:33  Zergling x8  
  149  13:35  Zergling x2  
  149  13:37  Baneling x10  
  149  13:41  Baneling x3  
  150  13:42  Zergling x14  
  150  13:45  Zergling x2  
  150  13:46  Zergling x2  
  159  13:51  Baneling x7  
  159  13:53  Zergling x2  
  159  13:54  Baneling x3  
  154  13:58  Mutalisk  
  154  13:59  Mutalisk  
  143  14:03  Zergling x18  
  143  14:05  Zergling x4  
  143  14:06  Zergling x2  
  143  14:07  Baneling  
  143  14:08  Baneling x3  
  154  14:10  Overseer  
  154  14:11  Mutalisk  
  154  14:14  Zergling x2  
  154  14:15  Zergling x4  
  152  14:20  Mutalisk x2  
  144  14:25  Mutalisk  
  144  14:29  Zergling x4  
  133  14:33  Zergling x18  
  133  14:37  Zergling x2  
  133  14:38  Zergling x4  
  145  14:40  Baneling x4  
  145  14:41  Baneling x6  
  145  14:44  Zergling x6  
  148  14:51  Zergling x4  
  148  14:52  Mutalisk x2  
Tags
 
Add a new tag
Caveats
  • Supply blocks, unpowered buildings, or Contaminate may cause inaccurate times.
  • Supply counts are checked every 10 seconds.